| TOP OF THE 1ST |
|
Pennsylvania State University Nittany Lions batting - Pitching for University of Michigan Wolverines : LHP Omar Gutierrez
|
|
Pitching: LHP Omar Gutierrez
|
|
|
Batting: RHB James Steinmetz
|
0-0: Called Strike 0-1: Ball 1-1: Ground out 2-3 (Groundball, 15S, EV 77.5 MPH)
|
|
Batting: RHB Pete Martin
|
0-0: Ball 1-0: Called Strike 1-1: Foul Ball, location: 2F 1-2: Strikes out swinging
|
|
Batting: RHB Josh Ebeling
|
0-0: Foul Ball, location: 2F 0-1: Foul Ball, location: 2F 0-2: Ball 1-2: Ball 2-2: Ball 3-2: Reached on error, E6 (Groundball, 6, EV 79.4 MPH)
|
|
Batting: RHB Rob Hinojosa
|
0-0: Called Strike 0-1: Fly out, F8 (Flyball, 8RD, EV 85.6 MPH)
|
| Top of the 1st over - 0 runs, 0 hits, 1 error, 1 left on base; Pennsylvania State University 0 - University of Michigan 0 |
| BOTTOM OF THE 1ST |
|
University of Michigan Wolverines batting - Pitching for Pennsylvania State University Nittany Lions : RHP Bob Cloutier
|
|
Pitching: RHP Bob Cloutier
|
|
|
Batting: RHB Chris Williamson
|
0-0: Ball 1-0: Ground out 6-3 (Groundball, 6, EV 77.5 MPH)
|
|
Batting: RHB Quirino Portel
|
0-0: Ball 1-0: Swinging Strike 1-1: Ground out U3 (Groundball, 34S, EV 71.9 MPH)
|
|
Batting: RHB Danny Arroyo
|
0-0: Called Strike 0-1: SINGLE (Groundball, 6MD, EV 108.1 MPH)
|
|
Batting: LHB Lance Sabo
|
0-0: Foul Ball, location: 2F 0-1: 2-RUN HOME RUN (Flyball, 89XD, EV 107.5 MPH), Distance : 423 ft
|
|
Batting: RHB Aaron Marakovits
|
0-0: SINGLE (Groundball, 4MD, EV 100.6 MPH)
|
|
Batting: RHB Mario Cruz
|
0-0: Ball 1-0: Ball 2-0: Ball 3-0: Called Strike 3-1: Called Strike 3-2: Foul Ball, location: 2LF, Error on foul ball, E2 3-2: Ground out 5-3 (Groundball, 56, EV 81.2 MPH)
|
| Bottom of the 1st over - 2 runs, 3 hits, 1 error, 1 left on base; Pennsylvania State University 0 - University of Michigan 2 |
| TOP OF THE 2ND |
|
Pennsylvania State University Nittany Lions batting - Pitching for University of Michigan Wolverines : LHP Omar Gutierrez
|
|
Batting: RHB Joe Strachan
|
0-0: Ground out 1-3 (Groundball, 23, EV 63.8 MPH)
|
|
Batting: RHB Francisco Velazquez
|
0-0: Called Strike 0-1: Fly out, F4 (Popup, 4S, EV 82.5 MPH)
|
|
Batting: RHB Jesse Bandt
|
0-0: Called Strike 0-1: Foul Ball, location: 2F 0-2: Ball 1-2: Ball 2-2: Ball 3-2: SINGLE (Flyball, 4D, EV 86.9 MPH)
|
|
Batting: RHB Zachary Roberts
|
0-0: Ball 1-0: Foul Ball, location: 2F 1-1: Called Strike 1-2: Foul Ball, location: 2F 1-2: Fly out, F6 (Line Drive, 6, EV 71.9 MPH)
|
| Top of the 2nd over - 0 runs, 1 hit, 0 errors, 1 left on base; Pennsylvania State University 0 - University of Michigan 2 |
| BOTTOM OF THE 2ND |
|
University of Michigan Wolverines batting - Pitching for Pennsylvania State University Nittany Lions : RHP Bob Cloutier
|
|
Batting: SHB Henrik Berg
|
0-0: Called Strike 0-1: Swinging Strike 0-2: Ball 1-2: Strikes out swinging
|
|
Batting: LHB Murdock Cranton
|
0-0: Ball 1-0: Called Strike 1-1: Swinging Strike 1-2: Ball 2-2: Ball 3-2: Strikes out looking
|
|
Batting: RHB Torsten Ernst
|
0-0: Ball 1-0: Ball 2-0: Ball 3-0: Base on Balls
|
|
Batting: RHB Chris Williamson
|
0-0: Ball 1-0: Foul Ball, location: 2F 1-1: Foul Ball, location: 2F 1-2: Ball 2-2: Ball 3-2: Fly out, F8 (Flyball, 8RD, EV 103.8 MPH)
|
| Bottom of the 2nd over - 0 runs, 0 hits, 0 errors, 1 left on base; Pennsylvania State University 0 - University of Michigan 2 |
| TOP OF THE 3RD |
|
Pennsylvania State University Nittany Lions batting - Pitching for University of Michigan Wolverines : LHP Omar Gutierrez
|
|
Batting: RHB Perry Brantley
|
0-0: Ball 1-0: Foul Ball, location: 2F 1-1: Called Strike 1-2: Foul Ball, location: 2F 1-2: Ball 2-2: Foul Ball, location: 2F 2-2: Fly out, F4 (Popup, 3D, EV 62.5 MPH)
|
|
Batting: RHB James Steinmetz
|
0-0: Ball 1-0: Ball 2-0: Called Strike 2-1: Ball 3-1: DOUBLE (Line Drive, 7LM, EV 103.8 MPH)
|
|
Batting: RHB Pete Martin
|
0-0: Called Strike 0-1: Called Strike 0-2: Strikes out swinging
|
|
Batting: RHB Josh Ebeling
|
0-0: Ground out 5-3 (Groundball, 5, EV 83.8 MPH)
|
| Top of the 3rd over - 0 runs, 1 hit, 0 errors, 1 left on base; Pennsylvania State University 0 - University of Michigan 2 |
| BOTTOM OF THE 3RD |
|
University of Michigan Wolverines batting - Pitching for Pennsylvania State University Nittany Lions : RHP Bob Cloutier
|
|
Batting: RHB Quirino Portel
|
0-0: Called Strike 0-1: Swinging Strike 0-2: Ball 1-2: Strikes out swinging
|
|
Batting: RHB Danny Arroyo
|
0-0: Foul Ball, location: 2F 0-1: Ground out 4-3 (Groundball, 4S, EV 91.9 MPH)
|
|
Batting: LHB Lance Sabo
|
0-0: Ball 1-0: Called Strike 1-1: Foul Ball, location: 2F 1-2: Ball 2-2: Ground out 6-3 (Groundball, 6MS, EV 88.1 MPH)
|
| Bottom of the 3rd over - 0 runs, 0 hits, 0 errors, 0 left on base; Pennsylvania State University 0 - University of Michigan 2 |
| TOP OF THE 4TH |
|
Pennsylvania State University Nittany Lions batting - Pitching for University of Michigan Wolverines : LHP Omar Gutierrez
|
|
Batting: RHB Rob Hinojosa
|
0-0: Ball 1-0: Ball 2-0: Foul Ball, location: 2F 2-1: Foul Ball, location: 2F 2-2: SINGLE (Flyball, 8LM, EV 95.6 MPH)
|
|
Batting: RHB Joe Strachan
|
0-0: Called Strike 0-1: Fly out, F9 (Flyball, 9, EV 88.1 MPH)
|
|
Batting: RHB Francisco Velazquez
|
0-0: Ball 1-0: Called Strike 1-1: Fly out, F8 (Flyball, 89D, EV 85.0 MPH)
|
|
Batting: RHB Jesse Bandt
|
0-0: Ball 1-0: Called Strike 1-1: Foul Ball, location: 2F 1-2: Fly out, F9 (Flyball, 9, EV 93.8 MPH)
|
| Top of the 4th over - 0 runs, 1 hit, 0 errors, 1 left on base; Pennsylvania State University 0 - University of Michigan 2 |
| BOTTOM OF THE 4TH |
|
University of Michigan Wolverines batting - Pitching for Pennsylvania State University Nittany Lions : RHP Bob Cloutier
|
|
Batting: RHB Aaron Marakovits
|
0-0: Called Strike 0-1: Ball 1-1: Ground out 5-3 (Groundball, 5, EV 98.8 MPH)
|
|
Batting: RHB Mario Cruz
|
0-0: Called Strike 0-1: DOUBLE (Line Drive, 7LM, EV 90.0 MPH)
|
|
Batting: SHB Henrik Berg
|
0-0: Fly out, F8 (Line Drive, 8RD, EV 93.1 MPH)
|
|
Batting: LHB Murdock Cranton
|
0-0: Ball 1-0: Called Strike 1-1: Called Strike 1-2: Ball 2-2: Ball 3-2: Fly out, F5 (Popup, 56S, EV 77.5 MPH)
|
| Bottom of the 4th over - 0 runs, 1 hit, 0 errors, 1 left on base; Pennsylvania State University 0 - University of Michigan 2 |
| TOP OF THE 5TH |
|
Pennsylvania State University Nittany Lions batting - Pitching for University of Michigan Wolverines : LHP Omar Gutierrez
|
|
Batting: RHB Zachary Roberts
|
0-0: Ball 1-0: Ball 2-0: Ground out 6-3 (Groundball, 6MD, EV 99.4 MPH)
|
|
Batting: RHB Perry Brantley
|
0-0: Called Strike 0-1: Ball 1-1: Foul Ball, location: 2F 1-2: Ball 2-2: Strikes out swinging
|
|
Batting: RHB James Steinmetz
|
0-0: Ball 1-0: Ball 2-0: Called Strike 2-1: Ball 3-1: Foul Ball, location: 2F 3-2: Ground out 6-3 (Groundball, 6, EV 106.9 MPH)
|
| Top of the 5th over - 0 runs, 0 hits, 0 errors, 0 left on base; Pennsylvania State University 0 - University of Michigan 2 |
| BOTTOM OF THE 5TH |
|
University of Michigan Wolverines batting - Pitching for Pennsylvania State University Nittany Lions : RHP Bob Cloutier
|
|
Batting: RHB Torsten Ernst
|
0-0: Ball 1-0: Ball 2-0: Called Strike 2-1: Fly out, F5 (Popup, 56, EV 66.9 MPH)
|
|
Batting: RHB Chris Williamson
|
0-0: Fly out, F9 (Flyball, 89M, EV 91.2 MPH)
|
|
Batting: RHB Quirino Portel
|
0-0: Called Strike 0-1: Ball 1-1: Ground out 5-3 (Groundball, 56S, EV 85.0 MPH)
|
| Bottom of the 5th over - 0 runs, 0 hits, 0 errors, 0 left on base; Pennsylvania State University 0 - University of Michigan 2 |
| TOP OF THE 6TH |
|
Pennsylvania State University Nittany Lions batting - Pitching for University of Michigan Wolverines : LHP Omar Gutierrez
|
|
Batting: RHB Pete Martin
|
0-0: Fly out, F6 (Line Drive, 56D, EV 66.9 MPH)
|
|
Batting: RHB Josh Ebeling
|
0-0: Foul Ball, location: 2F 0-1: Foul Ball, location: 2F 0-2: Ball 1-2: Foul Ball, location: 2F 1-2: Ball 2-2: Foul Ball, location: 2F 2-2: Ground out 6-3 (Groundball, 6, EV 101.9 MPH)
|
|
Batting: RHB Rob Hinojosa
|
0-0: Called Strike 0-1: Ball 1-1: Fly out, F2 (Popup, 23F, EV 90.6 MPH)
|
| Top of the 6th over - 0 runs, 0 hits, 0 errors, 0 left on base; Pennsylvania State University 0 - University of Michigan 2 |
| BOTTOM OF THE 6TH |
|
University of Michigan Wolverines batting - Pitching for Pennsylvania State University Nittany Lions : RHP Bob Cloutier
|
|
Batting: RHB Danny Arroyo
|
0-0: Called Strike 0-1: Ground out 5-3 (Groundball, 56S, EV 80.6 MPH)
|
|
Batting: LHB Lance Sabo
|
0-0: Called Strike 0-1: Ground out 6-3 (Groundball, 6, EV 103.8 MPH)
|
|
Batting: RHB Aaron Marakovits
|
0-0: Swinging Strike 0-1: Foul Ball, location: 2F 0-2: Strikes out swinging
|
| Bottom of the 6th over - 0 runs, 0 hits, 0 errors, 0 left on base; Pennsylvania State University 0 - University of Michigan 2 |
| TOP OF THE 7TH |
|
Pennsylvania State University Nittany Lions batting - Pitching for University of Michigan Wolverines : LHP Omar Gutierrez
|
|
Batting: RHB Joe Strachan
|
0-0: Swinging Strike 0-1: Called Strike 0-2: Ground out 5-3 (Groundball, 56S, EV 91.9 MPH)
|
|
Batting: RHB Francisco Velazquez
|
0-0: Ball 1-0: Ball 2-0: Called Strike 2-1: Foul Ball, location: 2F 2-2: Strikes out swinging
|
|
Batting: RHB Jesse Bandt
|
0-0: Swinging Strike 0-1: Ball 1-1: Foul Ball, location: 2F 1-2: Strikes out swinging
|
| Top of the 7th over - 0 runs, 0 hits, 0 errors, 0 left on base; Pennsylvania State University 0 - University of Michigan 2 |
| BOTTOM OF THE 7TH |
|
University of Michigan Wolverines batting - Pitching for Pennsylvania State University Nittany Lions : RHP Bob Cloutier
|
|
Batting: RHB Mario Cruz
|
0-0: Called Strike 0-1: SINGLE (Line Drive, 89M, EV 94.4 MPH)
|
|
Batting: SHB Henrik Berg
|
0-0: Sac Bunt to 23 - play at first, batter OUT! 3-4 Mario Cruz to second
|
|
Batting: LHB Murdock Cranton
|
0-0: Foul Ball, location: 2F 0-1: Fly out, F4 (Line Drive, 4, EV 72.5 MPH)
|
|
Pitching: RHP Hector Guzman
|
|
|
Batting: RHB Torsten Ernst
|
0-0: Ball 1-0: Fly out, F7 (Flyball, 7, EV 91.2 MPH)
|
| Bottom of the 7th over - 0 runs, 1 hit, 0 errors, 1 left on base; Pennsylvania State University 0 - University of Michigan 2 |
| TOP OF THE 8TH |
|
Pennsylvania State University Nittany Lions batting - Pitching for University of Michigan Wolverines : LHP Omar Gutierrez
|
|
Batting: RHB Zachary Roberts
|
0-0: Ball 1-0: Foul Ball, location: 2F 1-1: Foul Ball, location: 2F 1-2: Strikes out swinging, 2-3 out at first.
|
|
Batting: RHB Perry Brantley
|
0-0: Ball 1-0: Foul Ball, location: 2F 1-1: Ball 2-1: Ball 3-1: Base on Balls
|
|
Batting: RHB James Steinmetz
|
0-0: Ball 1-0: Foul Ball, location: 2F 1-1: Called Strike 1-2: Strikes out swinging
|
|
Batting: RHB Pete Martin
|
0-0: Ball 1-0: Ball 2-0: Fielders Choice at 2nd, 6-4 (Groundball, 6, EV 86.2 MPH)
|
| Top of the 8th over - 0 runs, 0 hits, 0 errors, 1 left on base; Pennsylvania State University 0 - University of Michigan 2 |
| BOTTOM OF THE 8TH |
|
University of Michigan Wolverines batting - Pitching for Pennsylvania State University Nittany Lions : RHP Hector Guzman
|
|
Batting: RHB Chris Williamson
|
0-0: Ball 1-0: Foul Ball, location: 2F 1-1: Called Strike 1-2: Ball 2-2: Strikes out looking
|
|
Batting: RHB Quirino Portel
|
0-0: Called Strike 0-1: Ball 1-1: SINGLE (Groundball, 6MD, EV 104.4 MPH)
|
|
Batting: RHB Danny Arroyo
|
0-0: Ball 1-0: Called Strike 1-1: Called Strike Quirino Portel is caught stealing 2nd base 2-4 1-2: Ground out 6-3 (Groundball, 6, EV 103.1 MPH)
|
| Bottom of the 8th over - 0 runs, 1 hit, 0 errors, 0 left on base; Pennsylvania State University 0 - University of Michigan 2 |
| TOP OF THE 9TH |
|
Pennsylvania State University Nittany Lions batting - Pitching for University of Michigan Wolverines : LHP Omar Gutierrez
|
|
Batting: RHB Josh Ebeling
|
0-0: Ball 1-0: SINGLE (Line Drive, 8RS, EV 92.5 MPH)
|
|
Batting: RHB Rob Hinojosa
|
0-0: Called Strike 0-1: Fly out, F8 (Flyball, 8LD, EV 100.6 MPH)
|
|
Batting: RHB Joe Strachan
|
0-0: Foul Ball, location: 2F 0-1: Foul Ball, location: 2F 0-2: Ball 1-2: Fly out, F8 (Flyball, 8LXD, EV 103.8 MPH)
|
|
Batting: RHB Francisco Velazquez
|
0-0: Ball 1-0: Ball 2-0: Called Strike 2-1: Foul Ball, location: 2F 2-2: Ball 3-2: Foul Ball, location: 2F 3-2: Foul Ball, location: 2F 3-2: Foul Ball, location: 2F 3-2: SINGLE (Groundball, 5S, EV 65.6 MPH) (infield hit) Josh Ebeling to second
|
|
Batting: RHB Jesse Bandt
|
0-0: Ball 1-0: Ball 2-0: Fly out, F6 (Popup, 56, EV 80.0 MPH)
|
| Top of the 9th over - 0 runs, 2 hits, 0 errors, 2 left on base; Pennsylvania State University 0 - University of Michigan 2 |
|